General information
- name: BNet
- type: Ladder team game (AT/RT)
- host: Battle.net
- saver: TheBigLeaguers
map: DragonFalls
- players: 8
- length: 61:15
- speed: Fast
- version: 1.27 W3XP
- replay type: Public
» download(298 KB)
Players
team 1 (winner)

»
terencemckenna (
teal | 85 APM | 2388 actions | 28:12)
8 Blademaster
3 Wind Walk
3 Critical Strike
1 Bladestorm
1 Mirror Image
» actions
| Assign group hotkey | 28 | |
| Basic commands | 71 | |
| Build / train | 124 | |
| Enter build submenu | 20 | |
| Enter hero's abilities submenu | 8 | |
| Give item / drop item | 6 | |
| Remove unit from queue | 1 | |
| Right click | 1067 | |
| Select / deselect | 401 | |
| Select group hotkey | 460 | |
| Use ability | 202 | |
2388 total
» units
| Peon | 16 | |
| Troll Batrider | 25 | |
| Furbolg Shaman | 3 | |
| Green Dragon | 14 | |
| Raider | 1 | |
| Wind Rider | 1 | |
60 total
» upgrades
| Ranged Weapons | 3 | |
| Armor | 3 | |
| Liquid Fire | 1 | |
| Ensnare | 1 | |
| Melee Weapons | 1 | |
| Shaman Training | 2 | |
11 total
» buildings
| Altar of Storms | 1 | |
| Orc Burrow | 8 | |
| Voodoo Lounge | 1 | |
| War Mill | 1 | |
| Great Hall | 2 | |
| Stronghold | 4 | |
| Watch Tower | 1 | |
| Fortress | 2 | |
| Beastiary | 3 | |
| Spirit Lodge | 1 | |
24 total
» build order
00:07 Altar of Storms
00:19 Orc Burrow
00:34 Voodoo Lounge
01:21 War Mill
02:48 Great Hall
02:54 Great Hall
03:15 Stronghold
03:15 Stronghold
03:16 Stronghold
03:33 Orc Burrow
04:59 Watch Tower
05:39 Fortress
05:40 Fortress
05:54 Beastiary
06:22 Beastiary
07:10 Orc Burrow
08:23 Orc Burrow
09:46 Orc Burrow
12:18 Orc Burrow
12:21 Beastiary
12:39 Orc Burrow
19:02 Spirit Lodge
21:20 Orc Burrow
» items
| Healing Salve | 4 | |
| Lesser Clarity Potion | 7 | |
| Boots of Speed | 1 | |
| Staff of Teleportation | 1 | |
| Potion of Healing | 3 | |
| Orb of Lightning | 6 | |
| Scroll of Town Portal | 1 | |
23 total
HellBrokenLoose (
purple | 47 APM | 1328 actions | 28:14)
5 Blademaster
3 Wind Walk
2 Critical Strike
» actions
| Assign group hotkey | 10 | |
| Basic commands | 9 | |
| Build / train | 70 | |
| ESC pressed | 5 | |
| Enter build submenu | 19 | |
| Enter hero's abilities submenu | 6 | |
| Right click | 529 | |
| Select / deselect | 428 | |
| Select group hotkey | 128 | |
| Use ability | 123 | |
1328 total
» units
| Peon | 10 | |
| Raider | 34 | |
| Troll Batrider | 3 | |
47 total
» upgrades
| Pillage | 1 | |
| Melee Weapons | 2 | |
| Armor | 2 | |
| Ensnare | 1 | |
6 total
» buildings
| Orc Burrow | 7 | |
| Altar of Storms | 1 | |
| Stronghold | 2 | |
| Voodoo Lounge | 1 | |
| War Mill | 2 | |
| Beastiary | 3 | |
| Spirit Lodge | 1 | |
| Great Hall | 2 | |
| Fortress | 4 | |
23 total
» build order
00:10 Orc Burrow
01:45 Altar of Storms
02:34 Stronghold
02:34 Stronghold
03:12 Orc Burrow
03:15 Orc Burrow
03:19 Voodoo Lounge
03:25 War Mill
03:32 War Mill
04:10 Orc Burrow
04:58 Beastiary
04:59 Beastiary
05:05 Orc Burrow
05:11 Spirit Lodge
05:46 Orc Burrow
12:27 Great Hall
16:36 Orc Burrow
19:26 Great Hall
19:44 Fortress
19:45 Fortress
19:45 Fortress
23:22 Beastiary
» items
| Healing Salve | 1 | |
| Lesser Clarity Potion | 1 | |
| Scroll of Speed | 1 | |
| Orb of Lightning | 1 | |
4 total
TheBigLeaguers (
yellow | 50 APM | 3085 actions | 61:15)
8 Blademaster
3 Wind Walk
3 Critical Strike
1 Bladestorm
1 Mirror Image
» actions
| Assign group hotkey | 103 | |
| Basic commands | 56 | |
| Build / train | 117 | |
| Enter build submenu | 77 | |
| Enter hero's abilities submenu | 8 | |
| Give item / drop item | 8 | |
| Remove unit from queue | 1 | |
| Right click | 1184 | |
| Select / deselect | 479 | |
| Select group hotkey | 733 | |
| Use ability | 319 | |
3085 total
» units
| Peon | 17 | |
| Grunt | 9 | |
| Goblin Zeppelin | 3 | |
| Wind Rider | 1 | |
| Goblin Shredder | 3 | |
| Troll Batrider | 15 | |
| Troll Headhunter/Berserker | 6 | |
54 total
» upgrades
| Armor | 3 | |
| Ranged Weapons | 3 | |
| Berserker Strength | 1 | |
| Reinforced Defenses | 1 | |
| Pillage | 1 | |
| Berserker Upgrade | 1 | |
| Spiked Barricades | 3 | |
| Troll Regeneration | 1 | |
| Liquid Fire | 1 | |
| Envenomed Spears | 1 | |
16 total
» buildings
| Orc Burrow | 13 | |
| Barracks | 3 | |
| Altar of Storms | 1 | |
| Voodoo Lounge | 2 | |
| War Mill | 2 | |
| Stronghold | 4 | |
| Fortress | 5 | |
| Great Hall | 1 | |
| Beastiary | 10 | |
| Watch Tower | 57 | |
98 total
» build order
00:10 Orc Burrow
01:18 Barracks
01:19 Altar of Storms
01:22 Orc Burrow
01:40 Voodoo Lounge
02:37 Orc Burrow
03:27 War Mill
04:43 Stronghold
04:44 Stronghold
07:08 Fortress
07:08 Fortress
07:08 Fortress
07:32 Great Hall
07:51 War Mill
09:34 Beastiary
09:36 Beastiary
09:40 Watch Tower
09:41 Watch Tower
11:41 Watch Tower
11:42 Watch Tower
11:43 Watch Tower
11:45 Watch Tower
13:13 Orc Burrow
13:27 Orc Burrow
16:02 Stronghold
16:03 Watch Tower
16:03 Watch Tower
16:04 Watch Tower
16:04 Watch Tower
16:06 Watch Tower
16:24 Watch Tower
16:25 Watch Tower
16:26 Watch Tower
16:35 Watch Tower
16:36 Watch Tower
16:37 Watch Tower
18:14 Watch Tower
18:15 Watch Tower
18:17 Watch Tower
18:29 Orc Burrow
19:46 Beastiary
21:32 Watch Tower
21:33 Watch Tower
21:34 Watch Tower
21:35 Watch Tower
21:37 Watch Tower
21:40 Watch Tower
22:52 Barracks
22:54 Beastiary
22:56 Beastiary
23:01 Barracks
23:05 Watch Tower
23:05 Watch Tower
23:07 Watch Tower
23:08 Watch Tower
23:09 Watch Tower
23:11 Watch Tower
28:23 Watch Tower
28:24 Watch Tower
28:25 Watch Tower
28:26 Watch Tower
28:27 Watch Tower
28:28 Watch Tower
28:29 Watch Tower
28:29 Watch Tower
28:30 Watch Tower
28:32 Watch Tower
28:34 Watch Tower
28:38 Watch Tower
28:39 Watch Tower
28:40 Watch Tower
29:13 Watch Tower
32:26 Fortress
32:29 Watch Tower
32:29 Watch Tower
32:30 Watch Tower
32:33 Watch Tower
32:38 Orc Burrow
32:40 Orc Burrow
34:40 Watch Tower
34:41 Watch Tower
34:42 Watch Tower
34:45 Watch Tower
38:40 Beastiary
38:42 Beastiary
38:45 Beastiary
38:49 Beastiary
38:56 Watch Tower
38:58 Watch Tower
40:03 Beastiary
40:13 Voodoo Lounge
47:02 Orc Burrow
47:06 Orc Burrow
47:08 Orc Burrow
47:28 Orc Burrow
47:30 Orc Burrow
» items
| Healing Salve | 5 | |
| Lesser Clarity Potion | 5 | |
| Orb of Lightning | 1 | |
| Potion of Mana | 2 | |
| Staff of Teleportation | 1 | |
| Scroll of Town Portal | 1 | |
| Potion of Healing | 1 | |
16 total
haitian (
red | 29 APM | 740 actions | 25:12)
5 Far Seer
3 Feral Spirit
2 Chain Lighting
» actions
| Build / train | 82 | |
| Enter build submenu | 20 | |
| Enter hero's abilities submenu | 5 | |
| Give item / drop item | 1 | |
| Remove unit from queue | 1 | |
| Right click | 303 | |
| Select / deselect | 231 | |
| Use ability | 97 | |
740 total
» units
| Peon | 19 | |
| Grunt | 3 | |
| Troll Witch Doctor | 6 | |
| Shaman | 7 | |
| Tauren | 16 | |
51 total
» upgrades
| Melee Weapons | 2 | |
| Witch Doctor Training | 2 | |
| Shaman Training | 2 | |
| Armor | 2 | |
| Reinforced Defenses | 1 | |
| Pulverize | 1 | |
10 total
» buildings
| Altar of Storms | 1 | |
| Orc Burrow | 8 | |
| Barracks | 1 | |
| Stronghold | 5 | |
| War Mill | 2 | |
| Fortress | 1 | |
| Spirit Lodge | 3 | |
| Voodoo Lounge | 1 | |
| Tauren Totem | 1 | |
| Great Hall | 1 | |
24 total
» build order
00:09 Altar of Storms
00:14 Orc Burrow
01:10 Barracks
01:23 Orc Burrow
02:40 Stronghold
02:40 Stronghold
02:40 Stronghold
02:40 Stronghold
03:31 War Mill
05:01 Fortress
05:06 Spirit Lodge
05:08 Spirit Lodge
05:12 Spirit Lodge
06:51 Voodoo Lounge
07:26 Tauren Totem
07:28 Orc Burrow
07:31 Orc Burrow
07:34 Orc Burrow
18:41 War Mill
21:19 Orc Burrow
21:21 Orc Burrow
21:23 Orc Burrow
23:36 Great Hall
» items
| Healing Salve | 2 | |
| Scroll of Speed | 2 | |
| Lesser Clarity Potion | 1 | |
| Scroll of Town Portal | 3 | |
8 total
team 2 (loser)
sobby32 (
green | 82 APM | 2640 actions | 32:06)
10 Demon Hunter
3 Evasion
3 Mana Burn
1 Metamorphosis
3 Immolation
» actions
| Assign group hotkey | 76 | |
| Basic commands | 231 | |
| Build / train | 133 | |
| ESC pressed | 12 | |
| Enter build submenu | 28 | |
| Enter hero's abilities submenu | 10 | |
| Give item / drop item | 1 | |
| Right click | 924 | |
| Select / deselect | 614 | |
| Select group hotkey | 407 | |
| Use ability | 204 | |
2640 total
» units
| Wisp | 33 | |
| Archer | 11 | |
| Goblin Shredder | 2 | |
| Hippogryph | 10 | |
| Chimaera | 12 | |
| Druid of the Talon | 2 | |
70 total
» upgrades
| Ultravision | 1 | |
| Strength of the Wild | 3 | |
| Reinforced Hides | 3 | |
| Druid of the Talon Training | 1 | |
| Corrosive Breath | 1 | |
9 total
» buildings
| Ancient of War | 1 | |
| Altar of Elders | 1 | |
| Moon Well | 9 | |
| Tree of Life | 3 | |
| Tree of Ages | 7 | |
| Hunter's Hall | 1 | |
| Ancient of Wonders | 1 | |
| Tree of Eternity | 7 | |
| Ancient of Wind | 2 | |
| Chimaera Roost | 6 | |
38 total
» build order
00:16 Ancient of War
00:19 Altar of Elders
00:32 Moon Well
01:25 Moon Well
03:09 Tree of Life
03:33 Tree of Ages
03:34 Tree of Ages
03:52 Hunter's Hall
04:08 Moon Well
04:20 Ancient of Wonders
05:55 Tree of Eternity
06:40 Ancient of Wind
08:36 Chimaera Roost
08:37 Chimaera Roost
08:38 Chimaera Roost
08:41 Ancient of Wind
09:00 Moon Well
09:00 Moon Well
09:03 Moon Well
10:14 Moon Well
10:15 Moon Well
11:06 Tree of Life
11:25 Moon Well
12:00 Tree of Ages
12:00 Tree of Ages
12:01 Tree of Ages
12:01 Tree of Ages
15:25 Tree of Eternity
15:25 Tree of Eternity
15:26 Tree of Eternity
18:27 Chimaera Roost
18:27 Chimaera Roost
21:27 Chimaera Roost
27:21 Tree of Life
» items
| Dust of Appearance | 2 | |
| Boots of Speed | 1 | |
| Orb of Venom | 1 | |
| Potion of Lesser Invulnerability | 2 | |
| Scroll of Town Portal | 2 | |
8 total

»
YaDaDaMean (
orange | 36 APM | 1509 actions | 42:21)
4 Archmage
2 Summon Water Elemental
2 Brilliance Aura
4 Firelord
2 Summon Lava Spawn
2 Soul Burn
» actions
| Assign group hotkey | 16 | |
| Basic commands | 99 | |
| Build / train | 136 | |
| ESC pressed | 6 | |
| Enter build submenu | 42 | |
| Enter hero's abilities submenu | 8 | |
| Give item / drop item | 3 | |
| Remove unit from queue | 3 | |
| Right click | 365 | |
| Select / deselect | 385 | |
| Select group hotkey | 337 | |
| Use ability | 109 | |
1509 total
» units
| Peasant | 30 | |
| Footman | 5 | |
| Goblin Shredder | 3 | |
| Rifleman | 14 | |
| Mortar Team | 18 | |
| Priest | 10 | |
| Sorceress | 10 | |
90 total
» upgrades
| Masonry | 3 | |
| Long Rifles | 1 | |
| Flare | 1 | |
| Priest Training | 2 | |
| Gunpowder | 3 | |
| Armor | 3 | |
| Fragmentation Shards | 1 | |
| Magic Sentry | 1 | |
| Sorceress Training | 2 | |
| Lumber Harvesting | 1 | |
18 total
» buildings
| Farm | 13 | |
| Altar of Kings | 1 | |
| Barracks | 1 | |
| Lumber Mill | 3 | |
| Scout Tower | 14 | |
| Arcane Tower | 1 | |
| Guard Tower | 8 | |
| Keep | 1 | |
| Blacksmith | 1 | |
| Town Hall | 5 | |
| Castle | 1 | |
| Arcane Sanctum | 1 | |
| Workshop | 1 | |
| Arcane Vault | 1 | |
52 total
» build order
00:53 Farm
01:10 Altar of Kings
01:24 Barracks
01:30 Farm
02:07 Farm
02:18 Lumber Mill
02:21 Lumber Mill
02:29 Scout Tower
02:46 Farm
02:55 Scout Tower
02:57 Arcane Tower
03:25 Guard Tower
03:26 Scout Tower
03:56 Guard Tower
04:24 Keep
05:06 Blacksmith
05:54 Town Hall
05:57 Scout Tower
05:59 Scout Tower
06:02 Scout Tower
06:05 Scout Tower
06:32 Guard Tower
06:34 Guard Tower
07:10 Castle
07:33 Arcane Sanctum
07:39 Workshop
08:45 Farm
08:54 Arcane Vault
09:04 Farm
09:30 Farm
09:50 Farm
09:59 Scout Tower
10:30 Farm
10:34 Scout Tower
10:37 Guard Tower
11:04 Scout Tower
11:05 Guard Tower
11:39 Guard Tower
11:41 Farm
12:42 Farm
13:25 Farm
14:07 Farm
20:27 Town Hall
21:55 Town Hall
22:25 Scout Tower
22:26 Scout Tower
22:27 Scout Tower
22:35 Scout Tower
23:15 Guard Tower
29:57 Town Hall
31:43 Town Hall
31:55 Lumber Mill
» items
| Scroll of Town Portal | 2 | |
| Potion of Healing | 2 | |
4 total
BigLeague (
pink | 48 APM | 2940 actions | 61:14)
8 Archmage
3 Summon Water Elemental
3 Brilliance Aura
1 Mass Teleport
1 Blizzard
» actions
| Assign group hotkey | 64 | |
| Basic commands | 381 | |
| Build / train | 89 | |
| Enter build submenu | 56 | |
| Enter hero's abilities submenu | 8 | |
| Give item / drop item | 13 | |
| Remove unit from queue | 3 | |
| Right click | 611 | |
| Select / deselect | 508 | |
| Select group hotkey | 962 | |
| Use ability | 245 | |
2940 total
» units
| Peasant | 12 | |
| Footman | 4 | |
| Goblin Shredder | 1 | |
| Goblin Zeppelin | 2 | |
| Dragonhawk Rider | 10 | |
| Green Dragon | 2 | |
| Goblin Sapper | 2 | |
33 total
» upgrades
| Lumber Harvesting | 1 | |
| Masonry | 3 | |
| Swords | 3 | |
| Armor | 3 | |
| Cloud | 1 | |
| Animal War Training | 1 | |
| Storm Hammers | 1 | |
13 total
» buildings
| Altar of Kings | 1 | |
| Barracks | 1 | |
| Farm | 12 | |
| Scout Tower | 32 | |
| Arcane Tower | 2 | |
| Keep | 2 | |
| Arcane Vault | 1 | |
| Town Hall | 5 | |
| Lumber Mill | 1 | |
| Castle | 2 | |
| Guard Tower | 7 | |
| Gryphon Aviary | 3 | |
| Blacksmith | 2 | |
71 total
» build order
00:39 Altar of Kings
00:41 Barracks
00:49 Farm
00:56 Farm
01:06 Farm
01:37 Farm
01:57 Scout Tower
03:07 Arcane Tower
03:48 Keep
04:17 Arcane Vault
04:55 Town Hall
05:01 Lumber Mill
06:28 Castle
06:39 Town Hall
06:48 Scout Tower
06:52 Scout Tower
07:19 Arcane Tower
07:44 Guard Tower
08:47 Gryphon Aviary
08:48 Gryphon Aviary
08:49 Gryphon Aviary
10:09 Farm
10:16 Blacksmith
10:18 Blacksmith
10:34 Scout Tower
10:35 Scout Tower
10:35 Scout Tower
10:36 Scout Tower
10:41 Scout Tower
10:42 Scout Tower
10:44 Scout Tower
10:45 Scout Tower
11:07 Guard Tower
12:15 Scout Tower
12:15 Scout Tower
12:15 Scout Tower
12:16 Scout Tower
12:19 Scout Tower
12:19 Scout Tower
12:22 Guard Tower
12:32 Scout Tower
12:34 Scout Tower
12:35 Scout Tower
12:37 Scout Tower
12:38 Scout Tower
13:13 Guard Tower
14:43 Guard Tower
16:05 Farm
16:06 Farm
16:07 Farm
16:09 Farm
16:11 Farm
16:35 Farm
17:44 Town Hall
19:18 Keep
22:57 Castle
28:33 Town Hall
28:45 Scout Tower
28:45 Scout Tower
28:46 Scout Tower
28:47 Scout Tower
28:47 Scout Tower
28:48 Scout Tower
28:49 Scout Tower
28:49 Scout Tower
30:14 Guard Tower
30:16 Guard Tower
32:29 Guard Tower
34:10 Town Hall
48:14 Farm
» items
| Scroll of Regeneration | 4 | |
| Mechanical Critter | 6 | |
| Potion of Healing | 2 | |
| Scroll of Town Portal | 1 | |
| Staff of Sanctuary | 1 | |
| Healing Salve | 1 | |
| Staff of Teleportation | 1 | |
| Periapt of Vitality | 1 | |
| Potion of Lesser Invulnerability | 1 | |
18 total
SeabrookMiglla (
blue | 25 APM | 1518 actions | 61:14)
7 Far Seer
3 Feral Spirit
3 Chain Lighting
1 Earth Quake
» actions
| Assign group hotkey | 35 | |
| Basic commands | 10 | |
| Build / train | 80 | |
| ESC pressed | 1 | |
| Enter build submenu | 35 | |
| Enter hero's abilities submenu | 7 | |
| Give item / drop item | 1 | |
| Remove unit from queue | 5 | |
| Right click | 483 | |
| Select / deselect | 405 | |
| Select group hotkey | 363 | |
| Use ability | 93 | |
1518 total
» units
| Peon | 10 | |
| Grunt | 4 | |
| Wind Rider | 5 | |
| Raider | 9 | |
| Shaman | 6 | |
| Troll Batrider | 3 | |
| Goblin Zeppelin | 1 | |
| Tauren | 3 | |
| Troll Witch Doctor | 3 | |
44 total
» upgrades
| Shaman Training | 2 | |
| Ensnare | 1 | |
| Armor | 2 | |
| Pillage | 1 | |
| Envenomed Spears | 1 | |
| Witch Doctor Training | 2 | |
| Melee Weapons | 2 | |
| Reinforced Defenses | 1 | |
12 total
» buildings
| Altar of Storms | 1 | |
| Orc Burrow | 10 | |
| Barracks | 1 | |
| War Mill | 3 | |
| Voodoo Lounge | 1 | |
| Stronghold | 1 | |
| Watch Tower | 11 | |
| Beastiary | 1 | |
| Spirit Lodge | 1 | |
| Fortress | 1 | |
| Tauren Totem | 1 | |
| Great Hall | 1 | |
33 total
» build order
00:08 Altar of Storms
00:12 Orc Burrow
00:38 Barracks
01:35 Orc Burrow
01:52 War Mill
01:58 Voodoo Lounge
04:06 Stronghold
04:32 Orc Burrow
05:01 Watch Tower
05:04 Watch Tower
06:32 Orc Burrow
06:39 Watch Tower
07:09 Beastiary
07:32 Spirit Lodge
07:56 Watch Tower
09:40 Fortress
10:13 Orc Burrow
10:17 Watch Tower
10:36 Watch Tower
11:44 Orc Burrow
16:12 Tauren Totem
21:44 Orc Burrow
23:59 Orc Burrow
24:07 Orc Burrow
26:10 Great Hall
26:34 Watch Tower
27:13 Watch Tower
27:14 Watch Tower
27:56 War Mill
28:07 War Mill
28:50 Watch Tower
28:52 Watch Tower
29:01 Orc Burrow
» items
| Healing Salve | 2 | |
| Scroll of Speed | 1 | |
| Lesser Clarity Potion | 2 | |
| Scroll of Town Portal | 3 | |
| Boots of Speed | 1 | |
9 total
Chat log
(00:15 / Allies) terencemckenna: 4orc
(00:31 / Allies) haitian: doc sham tauren here
(00:42 / Allies) terencemckenna: bm bats
(01:55 / Allies) terencemckenna: k
(02:03 / 8) TheBigLeaguers: my team all orc
(02:05 / Allies) haitian: u take ?
(02:05 / Allies) HellBrokenLoose: tc hh
(02:07 / 8) TheBigLeaguers: I'm top right outside
(02:08 / Allies) terencemckenna: ok
(02:19 / 8) TheBigLeaguers: forgot to add you I'll do it lawl
(03:54 / Allies) HellBrokenLoose: i changed my mind
(03:56 / Allies) HellBrokenLoose: im going raiders
(04:00 / Allies) HellBrokenLoose: and im going to take out mains
(04:19 / Allies) haitian: yo give me items and good ones
(04:19 / Allies) terencemckenna: k im rassing now
(06:28 / Allies) HellBrokenLoose: come brotha
(06:33 / Allies) HellBrokenLoose: no time to waste
(06:35 / Allies) HellBrokenLoose: i'll tank it
(06:39 / Allies) TheBigLeaguers: There's invisible archers
(06:43 / Allies) HellBrokenLoose: thats fine
(06:45 / Allies) TheBigLeaguers: pisses me off
(06:47 / Allies) HellBrokenLoose: by day time we get em
(08:52 / Allies) HellBrokenLoose: bouta send a raiding party out
(10:11 / Allies) haitian: ok meet
(10:27 / Allies) haitian: where is aa
(10:43 / Allies) haitian: omg no aa
(11:03 / Allies) terencemckenna: hurry
(11:22 / Allies) haitian: gold plz
(11:45 / Allies) HellBrokenLoose: NO CHIMS
(11:48 / Allies) HellBrokenLoose: FOR GREEN :D
(11:50 / Allies) haitian: wow gold plz
(12:02 / Allies) HellBrokenLoose: SEND BATS
(12:39 / Allies) haitian: we loose
(13:23 / Allies) TheBigLeaguers: lawl shit
(14:15 / All) TheBigLeaguers: wow lucky orb hits
(14:18 / Allies) haitian: gold fuck or i leave
(14:31 / Allies) haitian: loool 100
(14:39 / Allies) terencemckenna: one sec mate
(16:04 / Allies) HellBrokenLoose: ur fucking creeping
(16:07 / Allies) HellBrokenLoose: god u are fucking rash kid
(16:07 / Allies) terencemckenna: lol
(16:11 / Allies) TheBigLeaguers: I need items son
(16:17 / Allies) TheBigLeaguers: got the lion horn of stormwind to save us now
(17:34 / All) BigLeague: fuck
(17:36 / All) BigLeague: forgot to repair that
(19:11 / Allies) HellBrokenLoose: why not use bats
(19:13 / Allies) HellBrokenLoose: on bases...
(19:22 / Allies) terencemckenna: wood
(19:23 / Allies) haitian: why u noob
(19:30 / Allies) haitian: in ur head
(19:32 / Allies) TheBigLeaguers: ?
(20:29 / Allies) haitian: no gold for tp
(20:30 / All) BigLeague: orange basically just fed them
(21:06 / Allies) terencemckenna: whoa 5k yellow
(21:12 / Allies) TheBigLeaguers: 5k what?
(21:13 / Allies) terencemckenna: thought i had a lot
(21:17 / Allies) terencemckenna: duh
(21:18 / All) BigLeague: then you just suicided like a fucking mongo
(21:44 / Allies) HellBrokenLoose: pressure please
(21:57 / Allies) HellBrokenLoose: yellow
(21:59 / Allies) HellBrokenLoose: may i have some gold please
(22:22 / Allies) terencemckenna: need more bats
(22:24 / Allies) TheBigLeaguers: Will you pay me back? I don't just give it away
(22:30 / Allies) TheBigLeaguers: money doesn't grow on trees you know
(22:32 / Allies) HellBrokenLoose: yes with a win
(22:33 / Allies) terencemckenna: you have 5k
(22:34 / Allies) terencemckenna: seriously?
(22:36 / Allies) HellBrokenLoose: actually it does
(22:43 / Allies) TheBigLeaguers: I may have a lot but it still means a lot to me
(22:43 / Allies) HellBrokenLoose: u obviously never been to humbolt county
(22:53 / Allies) terencemckenna: it means more if it goes to use
(23:00 / Allies) terencemckenna: right now is most crucial stage of game
(23:06 / Allies) terencemckenna: next batle pretty much decides things
(23:54 / Allies) HellBrokenLoose: yellow please may i have some gold?
(24:07 / Allies) terencemckenna: we need to gather
(24:11 / Allies) TheBigLeaguers: Will you pay me back?
(24:16 / Allies) haitian: yellow give me gold
(24:17 / Allies) TheBigLeaguers: I said I don't just give it away
(24:17 / Allies) HellBrokenLoose: yes with a win
(24:32 / Allies) terencemckenna: mass tp
(24:33 / Allies) terencemckenna: fucker
(24:35 / Allies) TheBigLeaguers: I only accept hard gold in returns
(25:19 / Allies) terencemckenna: selfish fuck yellow
(25:30 / Allies) TheBigLeaguers: You're selfish
(25:31 / All) BigLeague: CHOOO CHOOO
(25:33 / Allies) TheBigLeaguers: I don't run a charity here
(25:43 / All) HellBrokenLoose: yellow has 5k gold
(25:44 / Allies) terencemckenna: its a fucking game
(25:46 / Allies) terencemckenna: if u want to win
(25:47 / All) HellBrokenLoose: talking about he don't run a charity
(25:49 / All) HellBrokenLoose: asking us to pay hnim back
(25:50 / Allies) terencemckenna: u play as a team
(25:51 / All) HellBrokenLoose: he obviously
(25:54 / All) HellBrokenLoose: didn't want to win
(25:56 / All) HellBrokenLoose: gg yellow
(25:57 / Allies) terencemckenna: clearly u lose a lot because of how dense you are
(26:06 / All) HellBrokenLoose: thats what you get for being a fucking typical product of america
(26:09 / Allies) terencemckenna: u extend how u deal with money to a fucking warcraft game?
(26:13 / Allies) terencemckenna: it means shit
(26:13 / Allies) TheBigLeaguers: I'm a winner
(26:16 / Allies) TheBigLeaguers: I think you're a loser
(26:18 / Allies) TheBigLeaguers: you expect handouts
(26:18 / Allies) terencemckenna: or u a dumb fuck troll
(26:20 / Allies) HellBrokenLoose: niggeR*&
(26:21 / All) SeabrookMiglla: america #1
(26:24 / Allies) terencemckenna: either way u lost this shit
(26:41 / Allies) TheBigLeaguers: You're a loser and want everything handed to you
(26:47 / Allies) TheBigLeaguers: you can't get your own gold, you need my help for your win
(26:50 / Allies) TheBigLeaguers: loser!
(26:55 / All) BigLeague: HAHA BAT NIGGER
(27:01 / Allies) terencemckenna: i didnt ask for your gold
(27:02 / Allies) terencemckenna: lol
(27:05 / Allies) terencemckenna: are u fucking that stupid
(27:08 / Allies) terencemckenna: i said share with them
(27:13 / Allies) terencemckenna: i had an expo, i was fine
(27:24 / Allies) TheBigLeaguers: Well I'm not giving you any of my gold, pal
(27:39 / Allies) terencemckenna: keep your filthy money
(28:12 / Allies) TheBigLeaguers: lol
(28:13 / Allies) HellBrokenLoose: haha
(29:42 / All) TheBigLeaguers: bye bye aa
(30:45 / All) TheBigLeaguers: lawl
(31:47 / All) TheBigLeaguers: I just wanna alt tab and not try hard
(31:50 / All) TheBigLeaguers: but you guys are try hards
(33:25 / All) BigLeague: LOUIE LOUIE
(36:36 / All) BigLeague: #DrainTheSwamp
(36:45 / All) TheBigLeaguers: DRAIN THE DRAGON FALLS!
(36:49 / All) BigLeague: I got crooked hilliary supporters on my team
(37:13 / All) SeabrookMiglla: give it up white boy the woman will win
(37:30 / All) BigLeague: We got Nate Silver over here
(37:34 / All) BigLeague: what were the odds on the cubs again
(37:42 / All) SeabrookMiglla: white men are the minority now
(37:54 / All) SeabrookMiglla: we're coming for yalls women
(37:54 / All) BigLeague: CUCK ALERT
(38:03 / All) SeabrookMiglla: we want equal pay
(38:05 / All) TheBigLeaguers: Blue is a white guy with a cuckold fantasy
(38:08 / All) BigLeague: You have to go back, the wall just got 10 feet higher!
(38:13 / All) SeabrookMiglla: we want to end systematic racism
(38:14 / All) BigLeague: yeh
(38:27 / All) SeabrookMiglla: we want to tear down walls and instill free trade with open borders
(38:32 / All) BigLeague: He wants smelly beaners and retarded syrian terrorists to breed his wife
(38:51 / All) SeabrookMiglla: we want lgbtq people to be free to practice as they please
(39:03 / All) SeabrookMiglla: we want secular governments with no religious restraints
(39:08 / All) BigLeague: Then you shouldn't support Saudi Arabia then huh
(39:09 / All) TheBigLeaguers: I want you cucks to leave
(39:14 / All) SeabrookMiglla: we want white men to take a back seat role
(39:30 / All) SeabrookMiglla: the white guilt will be taught in public schools
(39:35 / All) BigLeague: Settle down Kaden
(39:40 / All) SeabrookMiglla: sounds like /pol/ eh?
(39:43 / All) SeabrookMiglla: herrrrrrrrrrrrrrrrrrrrrrrrrrr
(39:48 / All) SeabrookMiglla: 3rd grade think tank
(39:53 / All) TheBigLeaguers: sounds like /lgbt/ faggot
(39:55 / All) SeabrookMiglla: get fucked you trump supporter
(40:16 / All) BigLeague: Blue's real name is Kaydn Xavier Goldberg-Stein
(40:32 / All) SeabrookMiglla: 'make america great again'
(40:37 / All) BigLeague: you're just mad because you are angry
(40:44 / All) TheBigLeaguers: America isn't great, it's good
(40:44 / All) SeabrookMiglla: makes you feel all warm and fuzzy inside
(40:47 / All) TheBigLeaguers: make america HATE again!
(40:50 / All) SeabrookMiglla: the white tears flow hard
(40:53 / All) SeabrookMiglla: get real
(41:26 / All) SeabrookMiglla: you're worried about mexicans taking your job you ignorant fucks when china and india combine for almost 3/5's the world pop
(41:31 / All) SeabrookMiglla: populations alone
(41:34 / All) SeabrookMiglla: ;p
(41:39 / All) SeabrookMiglla: learn macro economics
(41:44 / All) BigLeague: Nuke Hollyweird
(41:45 / All) SeabrookMiglla: but
(41:49 / All) SeabrookMiglla: muh jobs
(41:53 / All) SeabrookMiglla: muh white merica
(41:58 / All) SeabrookMiglla: muh cheeze burgers
(42:02 / All) SeabrookMiglla: bunch of fucking shit'
(42:18 / All) SeabrookMiglla: your white corporations runied america
(42:24 / All) SeabrookMiglla: not fucking immigrants
(42:32 / All) TheBigLeaguers: White people made America great and will make it great again
(42:36 / All) TheBigLeaguers: white people are cool
(42:41 / All) TheBigLeaguers: white people are amazing!
(42:42 / All) SeabrookMiglla: or billionaires like trump who dont give a shit about the common white person
(42:48 / All) SeabrookMiglla: but wait
(42:53 / All) SeabrookMiglla: muh values
(42:55 / All) SeabrookMiglla: hurrr
(42:59 / All) SeabrookMiglla: what values?
(43:04 / All) SeabrookMiglla: your a secular country
(43:15 / All) TheBigLeaguers: One nation under God!
(43:15 / All) SeabrookMiglla: the white people were responsible for instilling secularism
(43:21 / All) SeabrookMiglla: and ending 'muh values'
(43:25 / All) SeabrookMiglla: truth hurts
(43:45 / All) SeabrookMiglla: white people are their own worst enemy, they're just to blind to see it
(44:14 / All) SeabrookMiglla: little trump aint gonna save you or your blue collar jobs
(44:19 / All) SeabrookMiglla: those are long gone with the wind
(44:30 / All) SeabrookMiglla: blame the globalists for fucking over the common american
(44:48 / All) SeabrookMiglla: you people are the true meanings of ill informed degenerates
(44:55 / All) SeabrookMiglla: he says jump yall say how high?
(44:57 / All) BigLeague: yeap
(45:02 / All) BigLeague: never heard of globalists before
(45:04 / All) SeabrookMiglla: nothing to say?
(45:08 / All) SeabrookMiglla: cat got your toung?
(45:12 / All) TheBigLeaguers: lol
(45:13 / All) BigLeague: thanks for this new extra woked knowledge "fam"
(45:26 / All) SeabrookMiglla: of course you have no legitimate argument
(45:38 / All) SeabrookMiglla: yall just spew utter nonsense
(45:41 / All) BigLeague: Voting Trump, nuff said
(45:42 / All) SeabrookMiglla: and circle jerk about it
(45:56 / All) SeabrookMiglla: echo chambers on /pol/ get off 4chan
(45:57 / All) TheBigLeaguers: 5 days til President Trump
(45:58 / All) SeabrookMiglla: bitch
(46:13 / All) BigLeague: I don't browse 4chan, I have next level hate forums
(46:17 / All) SeabrookMiglla: probably didnt even go to college?
(46:22 / All) SeabrookMiglla: 8chan?
(46:24 / All) SeabrookMiglla: ohhhhh
(46:32 / All) SeabrookMiglla: you're one of those storm fags eh?
(46:39 / All) SeabrookMiglla: heil muh burger
(46:42 / All) SeabrookMiglla: ehhhhhhhhhh
(46:44 / All) BigLeague: Nope stormfart sux too
(46:44 / All) TheBigLeaguers: Is stormfront the only pro white site you ever heard of?
(47:05 / All) SeabrookMiglla: i dont care to talk to degenerates who dont know the issues
(47:08 / All) BigLeague: DESTRUCTION OF THE CITIES IN FIRE!!!!
(47:10 / All) SeabrookMiglla: cant talk logical sense to
(47:11 / All) TheBigLeaguers: lmao
(47:12 / All) SeabrookMiglla: but wait
(47:16 / All) TheBigLeaguers: calling us degenerates?
(47:21 / All) SeabrookMiglla: yall are superior because of 'muh skull'
(47:33 / All) SeabrookMiglla: yeah, actually i am
(47:42 / All) SeabrookMiglla: yall have nothing to say to me
(47:46 / All) TheBigLeaguers: fact, northwest europeans have the largest brains
(47:50 / All) BigLeague: Purification of world. Revolt of the damned. Destruction of the cities!
(47:58 / All) SeabrookMiglla: you're frantically trying to end this game so you can stop listeining to this barage of myth busting
(48:03 / All) TheBigLeaguers: lawl
(48:07 / All) SeabrookMiglla: making yall look like the morons yall are
(48:11 / All) SeabrookMiglla: oh wait?
(48:20 / All) SeabrookMiglla: you're trying to talk about cranium size now?
(48:30 / All) SeabrookMiglla: 18th century science?
(48:31 / All) SeabrookMiglla: lol
(48:33 / All) TheBigLeaguers: Yeah it was only ever doubted as not relating to intelligence when Neanderthal was discovered
(48:37 / All) TheBigLeaguers: White people primate
(48:41 / All) TheBigLeaguers: so it can't be as smart as the African ones
(48:54 / All) SeabrookMiglla: enlighten me on your 18th century anatomy courses
(48:58 / All) TheBigLeaguers: but that's being refuted now and stone age Europe had the most advanced technology
(49:04 / All) TheBigLeaguers: Europeans have the most developed brains
(49:23 / All) TheBigLeaguers: It was only ever doubted because of cuckolds who thought white people couldn't be smarter like you
(49:31 / All) SeabrookMiglla: upwards of 96% of the human genome has been identified if you done keep up with peer reviewed medical journalism
(49:45 / All) SeabrookMiglla: but you like looking at old text books
(49:48 / All) TheBigLeaguers: what does that have to do with anything here
(49:50 / All) SeabrookMiglla: and looking at meems
(49:53 / All) TheBigLeaguers: I'll tell you what, NOTHING!
(50:18 / All) SeabrookMiglla: actually im caucasian
(50:22 / All) TheBigLeaguers: I don't read old textbooks, I read the latest greatest discoveries of white people being cool
(50:34 / All) TheBigLeaguers: you're from caucasia? are you georgian or maybe azerbaijan
(50:37 / All) SeabrookMiglla: but you probably arent smart enough to read through my language L/
(50:43 / All) SeabrookMiglla: :/
(51:03 / All) SeabrookMiglla: from the caucus
(51:07 / All) TheBigLeaguers: that's hilarious you're white, total cuckold lol
(51:18 / All) BigLeague: average IQ of caucasus = 90
(51:19 / All) SeabrookMiglla: never said i was
(51:45 / All) BigLeague: chechen scum
(51:54 / All) SeabrookMiglla: look up what the current term caucasian encompasses
(52:00 / All) SeabrookMiglla: it's not very accurate
(52:01 / All) TheBigLeaguers: People from Caucasia
(52:24 / All) SeabrookMiglla: but your 19th century cranium scientists you speak so highly of seem to affirm the current definition of caucasian
(52:27 / All) SeabrookMiglla: wait
(52:45 / All) SeabrookMiglla: that would conflict with your opinion of what a caucasian is
(52:52 / All) SeabrookMiglla: ohhhh that hurts your logic is flawed
(52:53 / All) TheBigLeaguers: ?
(53:01 / All) BigLeague: Blue is mad triggered
(53:08 / All) TheBigLeaguers: I already explained all of that to you, guess you can't read what I say to refute it
(53:10 / All) SeabrookMiglla: not really im just bored and wide awake
(53:16 / All) TheBigLeaguers: so you ramble on talking to yourself and complain no one can challenge you
(53:32 / All) SeabrookMiglla: ill look at what you said because it wasnt much of anything
(54:00 / All) BigLeague: 286-306 LOL
(54:02 / All) BigLeague: damn u suck
(54:40 / All) SeabrookMiglla: you define the caucus region as solely encompassing all of the caucasian type
(54:50 / All) BigLeague: COME TO THE PAVILION EVERYBODY COME TO THE PAVILION
(54:57 / All) SeabrookMiglla: although that conflicts with the current definition of what a caucasian is
(55:00 / All) BigLeague: I HAVE NEVERL IED TO YOU
(55:01 / All) TheBigLeaguers: Caucasia has shitskins too
(55:03 / All) BigLeague: I WOULD NEVER LIE TO YOU
(55:18 / All) BigLeague: people from caucasus are basically retarded
(55:19 / All) SeabrookMiglla: caucasian is not only of the caucus region
(55:20 / All) BigLeague: savages
(55:21 / All) TheBigLeaguers: the term caucasian was never what we were talking about
(55:25 / All) TheBigLeaguers: bait and switch
(55:42 / All) SeabrookMiglla: but are not europeans considered caucasian?
(55:59 / All) BigLeague: yeah but caucasians aren't really the same as white europeans
(56:00 / All) TheBigLeaguers: Not to anyone who isn't retarded like you
(56:09 / All) SeabrookMiglla: white europeans?
(56:10 / All) BigLeague: caucasian is a misnomer coined by a tard
(56:13 / All) SeabrookMiglla: or western europeans?
(56:20 / All) SeabrookMiglla: durr
(56:26 / All) SeabrookMiglla: eveyrone knows that
(56:29 / All) BigLeague: white euro meaning not caucasus savage
(57:02 / All) BigLeague: people from caucasus are basically as retarded as niggers
(57:04 / All) SeabrookMiglla: but you originally made the shit point that
(57:07 / All) SeabrookMiglla: muh brain is bigger
(57:13 / All) BigLeague: mmm no I never said that
(57:15 / All) TheBigLeaguers: Yeah white people have bigger brains
(57:19 / All) TheBigLeaguers: and they're more developed
(57:25 / All) SeabrookMiglla: lol... nvm that was the yellow tard
(57:31 / All) TheBigLeaguers: White people are the most intelligent and advanced
(57:40 / All) TheBigLeaguers: northwest europeans are the most successful people in all of history
(57:47 / All) TheBigLeaguers: these are all facts
(57:56 / All) SeabrookMiglla: i dunno about that one
(58:00 / All) BigLeague: We're going to build the wall, and MExico is going to pay for it
(58:13 / All) SeabrookMiglla: china did pretty well for the better part of 2000 years and didnt need anyone to help them
(58:16 / All) BigLeague: And blue is going to going to be shipped back to the caucasus so fast your head will spin
(58:24 / All) TheBigLeaguers: Ancient Chinese weren't even Han Chinese like they are now
(58:28 / All) TheBigLeaguers: they were closer to modern Europeans
(58:34 / All) TheBigLeaguers: Oxford did a study on it
(58:39 / All) SeabrookMiglla: what of the ottomans?
(58:59 / All) TheBigLeaguers: they are pretty irrelevant and had very few accomplishments in a very small amount of history
(58:59 / All) SeabrookMiglla: solid 800 years of rule on the eastern front of europe
(59:14 / All) SeabrookMiglla: US has existed for nearly 400 years and is in the shitter
(59:24 / All) SeabrookMiglla: but the US is successful?
(59:28 / All) SeabrookMiglla: as an empire
(59:35 / All) TheBigLeaguers: ottomans had very meagre accomplishments
(59:37 / All) BigLeague: US first global hyper power in history
(59:44 / All) TheBigLeaguers: USA is one of the most successful nations in history
(59:53 / All) SeabrookMiglla: but that was a matter of technological circumstance in advancements
(59:54 / All) TheBigLeaguers: some of the most technological developments, etc
(60:02 / All) BigLeague: once Trump makes pogroms great again we will be #1 forever
(60:05 / All) SeabrookMiglla: steam
(60:26 / All) SeabrookMiglla: but that technology could not have been developed without previous knowledge of the maths and sciences
(60:26 / All) BigLeague: we should repatriate jews to caucasus region
(60:33 / All) BigLeague: fucking khazars should go back from whence they came
(60:40 / All) SeabrookMiglla: when empires conquer that acquire knowledge
(60:50 / All) BigLeague: are you a khazar blue
(60:54 / All) SeabrookMiglla: one of the most underrated assetts an empire has
(60:58 / All) SeabrookMiglla: no. not at all.
(61:08 / All) SeabrookMiglla: you cant use the logic-
(61:11 / All) BigLeague: yeah you are a khazar. I HAVE SO NAMED YOU, AND SO SHALL YOU BE BRANDED